 Dungeon Crawl Stone Soup version 0.29-a0-993-g4a18f31a58 (webtiles) character file.

Game seed: 2828071356879098841

58 frimble the Digger (level 3, 0/26 HPs)
             Began as a Demonspawn Earth Elementalist on Aug 3, 2022.
             Slain by a gnoll
             ... wielding a +0 spear
              (5 damage)
             ... on level 2 of the Dungeon.
             The game lasted 00:01:56 (2170 turns).

frimble the Digger (Demonspawn Earth Elementalist)  Turns: 2170, Time: 00:01:57

Health: 0/26       AC:  5    Str:  8    XL:     3   Next: 75%
Magic:  6/6        EV: 10    Int: 16    God:
Gold:   128        SH:  0    Dex: 15    Spells: 5/6 levels left

rFire   . . .      SeeInvis .   j - +2 rapier
rCold   . . .      Faith    .   (no shield)
rNeg    . . .      Spirit   .   f - +0 ring mail
rPois   .          Reflect  .   (no helmet)
rElec   .          Harm     .   (no cloak)
rCorr   .          Rampage  .   (no gloves)
Will    .....                   (no boots)
Stlth   +.........              (no amulet)
HPRegen 0.08/turn               (no ring)
MPRegen 0.10/turn               (no ring)

@: hasted, very quick
A: spiny 1
a: no special abilities


You were on level 2 of the Dungeon.
You visited 1 branch of the dungeon, and saw 2 of its levels.

You collected 128 gold pieces.

Inventory:

Hand Weapons
 d - a +0 short sword
 j - a +2 rapier (weapon)
Armour
 a - a +0 robe
 f - a +0 ring mail (worn)
Scrolls
 h - a scroll of vulnerability {unknown}
 l - a scroll of noise {unknown}
 m - a scroll of amnesia {unknown}
Potions
 b - a potion of magic
 c - 2 potions of haste
 e - a potion of brilliance {unknown}
 g - 2 potions of mutation {unknown}
 i - a potion of might {unknown}
 k - a potion of degeneration {unknown}


   Skills:
 + Level 1.6 Fighting
 + Level 1.4 Short Blades
 - Level 1.9 Dodging
 - Level 2.0 Stealth
 - Level 2.1 Spellcasting
 - Level 1.1 Transmutations
 - Level 3.1 Earth Magic


You had 5 spell levels left.
You knew the following spells:

 Your Spells              Type           Power      Damage    Failure   Level
a - Sandblast             Erth           22%        2d7       19%         1

Your spell library contained the following spells:

 Spells                   Type           Power      Damage    Failure   Level
 Passwall                 Tmut/Erth      6%         N/A       38%         2
 Magic Dart               Conj           4%         1d3       54%         1
 Call Imp                 Summ           1%         N/A       67%         2
 Stone Arrow              Conj/Erth      12%        3d7       71%         3
 Gell's Gravitas          Tloc           1%         N/A       88%         3
 Mephitic Cloud           Conj/Pois/Air  1%         N/A       88%         3
 Teleport Other           Tloc           1%         N/A       88%         3
 Tukima's Dance           Hex            1%         N/A       88%         3
 Petrify                  Tmut/Erth      8%         N/A       95%         4
 Passage of Golubria      Tloc           1%         N/A       99%         4
 Yara's Violent Unravell  Hex/Tmut       1%         3d3       100%        5
 Dispersal                Tloc           0%         N/A       100%        6


Dungeon Overview and Level Annotations

Branches:
Dungeon (2/15)

Altars:


Innate Abilities, Weirdness & Mutations

You are partially covered in sharp spines.


Message History

You see here a frilled lizard corpse.
A gnoll comes into view. It is wielding a +0 spear.
Found 9 stones.
A gnoll is nearby!
A gnoll is nearby!
A gnoll is nearby!
A gnoll comes into view. It is wielding a +0 club.
The gnoll shouts!
An endoplasm comes into view.
The gnoll hits you from afar with a +0 spear.
A hobgoblin comes into view.
A gnoll comes into view. It is wielding a +0 spear.
The gnoll barely misses you.
The gnoll moves out of view.
You barely miss the gnoll. The gnoll is struck by your spines.
The gnoll hits you with a +0 spear!
You are too injured to fight recklessly!
You are too injured to fight recklessly!
You are too injured to fight recklessly!
You are too injured to fight recklessly!
You are too injured to fight recklessly!
You are too injured to fight recklessly!
You are too injured to fight recklessly!
You are too injured to fight recklessly!
You are too injured to fight recklessly!
You are too injured to fight recklessly!
You are too injured to fight recklessly!
You are too injured to fight recklessly!
You are too injured to fight recklessly!
You are too injured to fight recklessly!
You are too injured to fight recklessly!
You are too injured to fight recklessly!
You are too injured to fight recklessly!
You barely miss the gnoll. The gnoll is struck by your spines.
The gnoll hits you with a +0 club. The gnoll hits you with a +0 spear.
The gnoll hits you from afar with a +0 spear.
* * * LOW HITPOINT WARNING * * *
Okay, then.
It was a potion of haste.
You feel yourself speed up.
The gnoll hits you from afar with a +0 spear.
You die... #... #... #... ... # .. ##### ##J## ....#### #ggg#

###....## #.#.####
######..## #.#g@..#
.# ##..####.####.##
.## ##....#.##.#..#
..# ###..#.##.##.#
#.## #.##.#..##.#
#..#######.##.#.###.#
### .(..............#
#.#####.#
#####>####.#..###
#.##....# ## #..#
#.#.## #....#..#


You could see 3 gnolls, an endoplasm and a hobgoblin.

Vanquished Creatures
  A worm (D:2)
  2 dart slugs
  2 bats
  7 endoplasms
  3 giant cockroaches
  2 goblins (D:1)
  3 hobgoblins
  9 jackals (D:1)
  2 kobolds (D:1)
  2 quokkas
  4 ball pythons
  3 frilled lizards
  3 rats
43 creatures vanquished.

Notes
Turn   | Place    | Note
-------+----------+-------------------------------------------
     0 | D:1      | frimble the Demonspawn Earth Elementalist began the quest
                  | for the Orb.
     0 | D:1      | Reached XP level 1. HP: 13/13 MP: 3/3
    22 | D:1      | Reached skill level 1 in Transmutations
   291 | D:1      | Gained mutation: You are partially covered in sharp spines.
                  | [demonic ancestry]
   291 | D:1      | Reached XP level 2. HP: 14/19 MP: 3/5
   301 | D:1      | Reached skill level 3 in Earth Magic
   849 | D:1      | Noticed a shining eye
   853 | D:1      | Found a faded altar of an unknown god.
   855 | D:1      | Noticed a golden eye
   855 | D:1      | Noticed a floating eye
   855 | D:1      | Noticed a shining eye
  1238 | D:1      | Reached XP level 3. HP: 24/25 MP: 6/6
  1271 | D:1      | Reached skill level 1 in Fighting
  1416 | D:1      | Reached skill level 1 in Short Blades
  1706 | D:2      | Identified the +2 robe "Zuqobrai" {+Blink rC- rCorr SInv}
  2170 | D:2      | Slain by a gnoll

Illustrated notes

Levels and vault maps discovered:
D:1:      lemuel_arrival_room, layout_rooms,
          hellmonk_ecumenical_altar_watching_god, roderic_serpentine_path,
          minmay_pentomino_z2
D:2:      layout_rooms

Skill      XL: |  1  2  3 |
---------------+----------+-----
Transmutations | 1 |  1.1
Stealth        | 2 |  2.0
Earth Magic    | 3 |  3.1
Fighting       | 1 |  1.6
Short Blades   | 1 |  1.4
Dodging        | |  1.9
Spellcasting   | |  2.1

Action                   || total
-------------------------++-------
Melee: Short sword       ||    86
       Punch             ||     2
       Rapier            ||    25
 Cast: Sandblast         ||     4
  Use: Scroll            ||     3
       Potion            ||     1
 Stab: Sleeping          ||     5
Armor: Robe              ||    10
       Ring mail         ||    31
Dodge: Dodged            ||    50

Table legend: (Time is in decaauts)
 A = Elapsed time spent in this place.
 B = Non-inter-level travel time spent in this place.
 C = Inter-level travel time spent in this place.
 D = Time resting spent in this place.
 E = Time spent auto-exploring this place.
 F = Levels seen in this place.
 G = Mean time per level.
                   A        B        C        D        E       F      G
               +--------+--------+--------+--------+--------+-----+--------+
         Total |   2182 |   2093 |     89 |      0 |   1803 |   2 | 1091.0 |
       Dungeon |   2182 |   2093 |     89 |      0 |   1803 |   2 | 1091.0 |
               +--------+--------+--------+--------+--------+-----+--------+

Top non-repeatable levels by time:
     D:1: 1587 daAuts
     D:2: 595 daAuts
